Map: [ESL] Hard Lead

Players

LiquidClem (Clem)

  • Race: Terran Terran
  • League: Grandmaster
  • Spawn Location: 5:00

Spirit (souL) - Winner!

  • Race: Terran Terran
  • League: Master
  • Spawn Location: 11:00

VOD

Have the link to the VOD?

Description

Time

  • Played on: Nov. 25, 2023, 12:30 p.m.
  • Length: 14:34
Show
View Real Time Build Order
Export as new Build Order

LiquidClem Terran 

Build Orders: Cyclone Opening 

Get SALT Encoding   

  12  0:00  SCV  
  13  0:12  SCV  
  14  0:16  Supply Depot  
  14  0:24  SCV  
  15  0:38  SCV  
  15  0:40  Barracks  
  16  0:43  Refinery  
  16  0:50  SCV  
  16  0:55  Refinery  
  17  1:02  SCV  
  18  1:14  SCV  
  19  1:27  Orbital Command  
  19  1:28  Reaper  
  19  1:32  Supply Depot  
  20  1:41  Factory  
  20  1:53  SCV  
  21  2:00  Reaper  
  22  2:05  SCV  
  23  2:15  Command Center  
  23  2:18  SCV  
  24  2:25  Cyclone  
  26  2:30  SCV  
  26  2:32  Barracks Reactor  
  27  2:42  SCV  
  27  2:43  Starport  
  28  2:47  Supply Depot  
  28  2:54  SCV  
  29  3:06  SCV  
  29  3:11  Cyclone x2  
  34  3:20  SCV, Medivac  
  34  3:21  Refinery  
  37  3:27  Orbital Command  
  37  3:31  Barracks Tech Lab  
  37  3:33  SCV  
  38  3:36  Supply Depot  
  38  3:44  Cyclone  
  38  3:45  SCV  
  41  3:51  Cyclone  
  41  3:53  SCV  
  44  3:58  SCV  
  45  4:03  Raven  
  45  4:07  SCV  
  45  4:09  Supply Depot  
  48  4:10  Interference Matrix  
  48  4:12  SCV  
  49  4:19  SCV  
  51  4:24  SCV  
  51  4:25  Cyclone x2  
  54  4:31  SCV  
  54  4:38  SCV  
  55  4:40  Raven  
  55  4:43  Command Center  
  55  4:45  SCV  
  58  4:48  Supply Depot  
  58  4:50  SCV  
  59  4:54  Barracks Tech Lab  
  59  4:57  SCV  
  60  5:00  Barracks  
  60  5:05  Barracks  
  60  5:06  SCV  
  61  5:09  SCV  
  64  5:14  Raven  
  64  5:15  Refinery  
  64  5:16  Marine  
  64  5:19  Stimpack  
  64  5:20  SCV  
  66  5:22  Factory Reactor  
  66  5:24  SCV  
  66  5:27  Supply Depot  
  67  5:32  SCV  
  67  5:34  Marine  
  69  5:38  Engineering Bay  
  69  5:39  Engineering Bay  
  69  5:41  SCV  
  70  5:44  SCV  
  71  5:53  SCV, Marine x3  
  71  5:55  Starport Reactor  
  71  5:56  SCV  
  71  5:57  Orbital Command  
  76  6:04  Marine x2  
  77  6:05  Terran Infantry Weapons Level 1, Terran Infantry Armor Level 1  
  77  6:08  Siege Tank  
  77  6:10  SCV  
  82  6:12  Marine x2  
  82  6:14  SCV  
  85  6:18  Supply Depot  
  85  6:22  SCV, Marine  
  85  6:25  Marine  
  82  6:28  SCV  
  82  6:31  Marine  
  83  6:34  SCV  
  83  6:36  Marine, Medivac x2  
  83  6:38  Orbital Command  
  88  6:40  SCV  
  88  6:44  Siege Tank  
  88  6:46  Marine  
  93  6:48  Supply Depot, SCV  
  93  6:49  Marine  
  93  6:50  Marine  
  93  6:52  SCV  
  97  6:55  Marine x2  
  97  7:00  SCV  
  97  7:01  Supply Depot  
  90  7:04  SCV  
  90  7:05  SCV  
  92  7:08  Marine  
  92  7:12  Combat Shield  
  92  7:13  Marine x4  
  92  7:14  SCV  
  98  7:16  SCV  
  98  7:20  Armory  
  98  7:21  Siege Tank  
  102  7:23  SCV  
  102  7:26  Medivac  
  102  7:27  Marine  
  104  7:30  SCV  
  104  7:31  Marine x2  
  104  7:32  SCV, Marine  
  104  7:35  SCV  
  89  7:39  Marine  
  89  7:43  SCV, Medivac  
  69  7:45  SCV, Marine  
  69  7:49  Marine  
  66  7:51  Marine x2  
  66  7:55  SCV, Siege Tank  
  66  7:57  SCV  
  72  7:59  Marine  
  72  8:03  Marine  
  72  8:05  Viking  
  71  8:06  Marine  
  74  8:17  Marine, Barracks  
  71  8:20  Barracks  
  71  8:21  Marine  
  71  8:24  Marine  
  71  8:25  Barracks Reactor  
  73  8:27  Siege Tank  
  76  8:35  Marine  
  76  8:39  Marine  
  76  8:40  Viking x2  
  82  8:44  Terran Infantry Weapons Level 2  
  82  8:45  Marine  
  82  8:53  Marine  
  82  8:54  SCV  
  82  8:55  SCV  
  69  8:56  Marine  
  69  9:01  Terran Infantry Armor Level 2  
  66  9:03  Marine  
  66  9:06  SCV  
  66  9:08  Siege Tank  
  66  9:09  SCV, Marine  
  73  9:10  Marine  
  73  9:12  Marine x2  
  73  9:13  Marine  
  73  9:14  Marine  
  78  9:20  Marine  
  78  9:27  Marine, Viking  
  78  9:28  Marine, Viking  
  78  9:29  Marine  
  85  9:31  Marine  
  85  9:32  Marine  
  85  9:33  Marine  
  88  9:38  Marine  
  88  9:40  Supply Depot  
  88  9:44  Siege Tank  
  88  9:45  Marine  
  92  9:47  Marine  
  92  9:49  Marine x2  
  92  9:52  Marine x2  
  97  10:02  Command Center  
  97  10:05  Supply Depot  
  97  10:08  Marine x2  
  97  10:09  Marine  
  100  10:16  Siege Tank  
  100  10:18  Liberator  
  106  10:21  Marine x2  
  106  10:23  Marine  
  106  10:25  Marine  
  110  10:29  Supply Depot  
  110  10:34  Marine x2  
  110  10:35  Marine  
  112  10:39  Marine  
  112  10:41  Supply Depot, Liberator  
  116  10:44  Marine  
  116  10:46  Marine  
  118  10:51  Marine  
  118  10:52  Marine x2  
  118  10:53  Siege Tank  
  118  10:57  SCV x2  
  126  11:02  Marine  
  127  11:05  Liberator  
  127  11:06  Marine  
  127  11:09  Marine  
  132  11:16  Terran Infantry Weapons Level 3  
  132  11:17  Marine x2  
  134  11:18  Marine  
  134  11:19  Marine  
  136  11:27  Siege Tank  
  136  11:30  Viking  
  136  11:31  Marine  
  138  11:35  Marine x2  
  138  11:37  Marine  
  136  11:47  Marine  
  132  11:52  Marine  
  134  11:56  Medivac  
  134  11:59  Siege Tank, Marine  
  134  12:00  Marine  
  134  12:01  Marine  
  136  12:03  Marine x2  
  136  12:04  Marine  
  137  12:10  Marine  
  123  12:17  Marine  
  123  12:18  Marine  
  114  12:26  Marine x2  
  114  12:32  Orbital Command  
  114  12:36  SCV  
  115  12:42  Siege Tank  
  115  12:43  SCV  
  119  12:46  Marine x2  
  119  12:49  SCV  
  122  12:58  Marine x5  
  125  13:04  Marine x2  
  129  13:06  Supply Depot  
  128  13:14  Medivac x2  
  128  13:15  Marine  
  128  13:16  Marine  
  134  13:20  Marine x2  
  134  13:23  Marine  
  137  13:33  Siege Tank  
  137  13:34  Marine x3  
  123  13:35  Marine  
  123  13:38  Marine  
  126  13:44  Medivac  
  126  13:47  SCV x2, Marine  
  126  13:48  Marine  
  129  13:53  Marine x3, Medivac  
  129  13:55  Orbital Command  
  125  13:56  Marine  
  125  13:57  Marine  
  127  14:05  Marine  
  127  14:07  Marine  
  126  14:11  Marine x2  
  126  14:13  Marine  
Show
View Real Time Build Order
Export as new Build Order

Spirit Terran - Winner!

Build Orders: Cyclone Opening, Reaper Expand 

Get SALT Encoding   

  12  0:00  SCV  
  13  0:12  SCV  
  14  0:17  Supply Depot  
  14  0:24  SCV  
  15  0:38  SCV  
  15  0:40  Barracks  
  16  0:44  Refinery  
  16  0:50  SCV  
  17  1:02  SCV  
  18  1:15  SCV  
  19  1:27  Reaper  
  19  1:28  Orbital Command  
  20  1:40  Command Center  
  20  1:50  Supply Depot  
  20  1:53  SCV  
  21  1:59  Marine  
  22  2:04  Factory  
  22  2:06  SCV  
  23  2:11  Refinery  
  23  2:18  SCV, Marine  
  25  2:23  Bunker  
  25  2:30  SCV  
  26  2:37  Marine  
  26  2:42  SCV  
  28  2:47  Cyclone  
  30  2:52  Starport  
  30  2:55  Orbital Command  
  30  2:59  SCV  
  30  3:03  Barracks Reactor  
  31  3:10  Refinery  
  31  3:11  SCV  
  32  3:20  Cyclone  
  32  3:22  SCV  
  32  3:24  SCV  
  36  3:30  Starport Tech Lab  
  36  3:34  SCV  
  36  3:36  SCV  
  36  3:37  Supply Depot  
  36  3:39  Marine x2  
  40  3:46  SCV  
  40  3:48  Raven, SCV, Interference Matrix  
  44  3:58  Supply Depot, SCV  
  44  4:00  SCV, Marine  
  44  4:02  Marine  
  48  4:03  Factory Tech Lab  
  48  4:10  SCV  
  48  4:12  SCV  
  49  4:18  Marine  
  49  4:20  Marine  
  49  4:23  SCV  
  48  4:24  SCV  
  48  4:31  Raven  
  50  4:35  SCV, Marine  
  50  4:36  SCV  
  50  4:37  Siege Tank, Marine  
  56  4:45  Supply Depot  
  56  4:47  SCV  
  56  4:48  SCV  
  58  4:53  Marine  
  58  4:55  Marine  
  58  4:58  Barracks  
  58  4:59  SCV  
  61  5:00  SCV  
  61  5:03  Barracks  
  62  5:07  Raven  
  62  5:09  Siege Tank  
  62  5:11  SCV, Marine  
  62  5:12  Supply Depot, SCV  
  62  5:13  Supply Depot  
  70  5:15  Marine, Refinery  
  71  5:23  SCV  
  71  5:26  Engineering Bay  
  71  5:27  SCV, Engineering Bay  
  74  5:36  SCV  
  74  5:40  SCV  
  74  5:41  Supply Depot, Siege Tank  
  79  5:45  Barracks Reactor  
  79  5:51  Barracks Reactor  
  79  5:52  Viking  
  79  5:53  Viking  
  79  5:54  Stimpack  
  79  5:56  Marine  
  83  6:02  Supply Depot  
  83  6:06  Supply Depot  
  83  6:07  SCV  
  83  6:10  SCV  
  85  6:14  Marine  
  85  6:16  Siege Tank  
  89  6:21  SCV  
  89  6:25  Marine  
  87  6:26  Marine  
  87  6:27  SCV  
  87  6:29  Marine  
  87  6:30  Marine  
  87  6:32  Marine  
  89  6:38  Viking  
  91  6:42  Viking  
  91  6:43  Marine  
  91  6:45  Marine  
  95  6:47  Marine  
  95  6:48  Supply Depot, Siege Tank  
  95  6:50  Marine x2  
  101  7:01  Marine  
  102  7:02  Marine  
  102  7:05  Marine  
  102  7:07  Marine  
  102  7:08  Marine  
  106  7:16  Viking  
  106  7:18  Marine  
  106  7:20  Siege Tank, Marine  
  113  7:23  Marine  
  113  7:25  Marine  
  113  7:26  Marine  
  114  7:36  Marine  
  98  7:38  Marine  
  98  7:40  Marine  
  98  7:43  Marine  
  98  7:44  Marine  
  92  7:52  Siege Tank  
  92  7:54  Marine  
  92  7:55  Combat Shield, Terran Infantry Weapons Level 1, Terran Infantry Armor Level 1  
  92  7:56  Marine  
  92  7:57  Medivac  
  99  7:58  Marine  
  99  7:59  Command Center  
  99  8:00  Medivac  
  99  8:01  Marine x2  
  104  8:12  Marine  
  105  8:14  Marine  
  105  8:15  SCV  
  105  8:16  SCV, Marine  
  105  8:19  Marine x2  
  111  8:25  Siege Tank  
  114  8:27  Medivac  
  114  8:29  Supply Depot x2, Medivac  
  114  8:30  Marine  
  114  8:32  Marine  
  120  8:34  Marine  
  120  8:37  Marine x2  
  114  8:50  Marine  
  114  8:52  Marine x2  
  114  8:54  Marine  
  114  8:55  Marine  
  100  8:57  Siege Tank  
  89  9:07  Marine  
  89  9:09  Marine  
  90  9:10  Marine  
  90  9:11  Orbital Command  
  90  9:12  Marine  
  90  9:13  Marine  
  90  9:14  Viking  
  90  9:16  Barracks  
  96  9:17  SCV  
  96  9:18  Barracks  
  98  9:25  Marine, Armory  
  98  9:27  Marine  
  98  9:28  Marine  
  98  9:31  Siege Tank, Marine  
  102  9:34  Orbital Command, SCV  
  102  9:37  SCV  
  107  9:43  Marine  
  107  9:44  Sensor Tower  
  108  9:47  Viking  
  108  9:51  Viking  
  111  9:52  Marine  
  111  9:59  SCV  
  113  10:01  Marine  
  113  10:02  Marine  
  113  10:04  Barracks Reactor  
  113  10:06  Barracks Reactor  
  115  10:08  Supply Depot, Marine  
  116  10:17  Missile Turret  
  116  10:18  Missile Turret  
  116  10:19  Missile Turret  
  117  10:21  Terran Infantry Weapons Level 2  
  117  10:25  Viking  
  117  10:29  Terran Infantry Armor Level 2  
  117  10:30  Terran Vehicle Weapons Level 1  
  117  10:33  Viking  
  117  10:34  Marine x2  
  117  10:35  Marine  
  122  10:39  Siege Tank, Marine  
  126  10:44  Marine x2  
  126  10:45  Refinery  
  126  10:46  Marine x2, Refinery  
  131  10:52  Marine  
  131  10:55  Marine x2  
  131  10:56  Supply Depot x2  
  134  10:57  Marine  
  134  10:58  Viking  
  134  11:00  Marine  
  134  11:03  Viking  
  139  11:06  Marine  
  139  11:07  Marine  
  141  11:14  Marine  
  141  11:15  Siege Tank, Marine x5  
  147  11:18  Marine  
  147  11:24  Marine  
  147  11:25  Marine  
  142  11:36  Marine x6  
  142  11:37  Viking x2  
  142  11:39  Marine  
  145  11:47  Siege Tank, Marine  
  145  11:50  Marine  
  145  11:53  Marine  
  145  11:54  Marine x2  
  151  11:59  Marine  
  144  12:03  Marine x3  
  144  12:05  Marine  
  146  12:08  Marine  
  146  12:09  Liberator  
  146  12:11  Marine x3  
  146  12:12  Liberator  
  135  12:17  Marine  
  135  12:19  Siege Tank  
  135  12:21  Marine x3  
  137  12:23  Marine  
  137  12:26  Marine  
  137  12:29  Marine x3  
  140  12:32  Supply Depot  
  140  12:33  Supply Depot  
  140  12:35  Marine  
  139  12:39  Marine x3  
  139  12:42  Marine  
  139  12:44  Marine  
  143  12:47  Marine x3  
  147  12:52  Marine  
  147  12:57  Marine x3  
  151  13:03  Marine  
  152  13:06  Siege Tank, Marine  
  152  13:11  Marine  
  157  13:16  Marine  
  158  13:21  Marine  
  159  13:32  Marine x6  
  155  13:35  Marine  
  155  13:38  Siege Tank  
  155  13:40  Marine  
  160  13:42  Marine  
  156  13:50  Marine  
  156  13:52  Marine x2  
  155  13:56  Marine  
  156  14:08  Marine x2  
  158  14:12  Marine  
Tags
 
Add a new tag
Caveats
  • Supply blocks, unpowered buildings, or Contaminate may cause inaccurate times.
  • Supply counts are checked every 10 seconds.